 Dungeon Crawl Stone Soup version 0.29.0-4-gdea44cf6ec (webtiles) character file.

Game seed: 4106001145983598401

59 qw the Chopper (level 3, -1/31 HPs)
             Began as a Minotaur Berserker on Sept 8, 2022.
             Was a Follower of Trog.
             Killed from afar by an orc wizard (8 damage)
             ... with a magic dart
             ... on level 2 of the Dungeon.
             The game lasted 00:00:19 (1224 turns).

qw the Chopper (Minotaur Berserker)                 Turns: 1224, Time: 00:00:20

Health: -1/31      AC:  5    Str: 23    XL:     3   Next: 78%
Magic:  2/2        EV: 11    Int:  4    God:    Trog [*.....]
Gold:   3          SH:  0    Dex:  9    Spells: 2/2 levels left

rFire   . . .      SeeInvis .   Y - +0 hand axe
rCold   . . .      Faith    .   (no shield)
rNeg    . . .      Spirit   .   f - +0 leather armour
rPois   .          Reflect  .   (helmet restricted)
rElec   .          Harm     .   (no cloak)
rCorr   .          Rampage  .   k - +0 pair of gloves
Will    .....                   j - +0 pair of boots
Stlth   +.........              c - amulet of the acrobat
HPRegen 0.10/turn               (no ring)
MPRegen 0.08/turn               (no ring)

@: on berserk cooldown, slowed, very slow
A: horns 2, retaliatory headbutt
a: Renounce Religion, Berserk


You were on level 2 of the Dungeon.
You worshipped Trog.
Trog was aware of your devotion.
You visited 1 branch of the dungeon, and saw 2 of its levels.

You collected 3 gold pieces.


Innate Abilities, Weirdness & Mutations

You have a pair of horns on your head.
You reflexively headbutt those who attack you in melee.


   Skills:
 - Level 3.6 Fighting
 + Level 5.8 Axes
 - Level 2.4 Armour
 - Level 2.1 Dodging


You had 2 spell levels left.
You didn't know any spells.
Your spell library was empty.

Inventory:

Hand Weapons
 d - a +0 whip
 Y - a +0 hand axe (weapon)
Armour
 a - the +0 hat of the Enchanted Forest {Harm Rampage Regen+}
   (You acquired it on level 1 of the Dungeon)

   Regen:     It increases your rate of health regeneration.
   Harm:      It increases damage dealt and taken.
   Rampage:   It bestows one free step when moving towards enemies.
 f - a +0 leather armour (worn)
 j - a +0 pair of boots (worn)
 k - a +0 pair of gloves (worn)
Jewellery
 c - an amulet of the acrobat (around neck)
Potions
 h - a potion of heal wounds {unknown}
 l - a potion of lignification {unknown}

Dungeon Overview and Level Annotations

Branches:
Dungeon (2/15)

Altars:


Message History

The frilled lizard is heavily wounded.
You barely miss the orc. The orc hits you but does no damage.
The frilled lizard hisses.
The frilled lizard barely misses you. You furiously retaliate!
You headbutt the frilled lizard!
You kill the frilled lizard!
Trog accepts your kill.
You hit the orc. Your headbutt misses the orc.
The orc is moderately wounded.
The orc closely misses you. The orc hits you but does no damage.
You slash the orc!
You kill the orc!
Trog accepts your kill.
You start resting.
An orc wizard comes into view. It is wielding a +0 dagger.
The orc wizard shouts!
Items here: % )) [.
You barely miss the orc wizard.
The orc wizard hits you with a +0 dagger.
You hit the orc wizard but do no damage.
Your headbutt misses the orc wizard.
The orc wizard gestures at you while chanting.
You resist with significant effort.
The orc wizard gestures at you while chanting.
The magic dart hits you.
You miss the orc wizard.
The orc wizard hits you with a +0 dagger.
You barely miss the orc wizard. The orc wizard closely misses you.
The orc wizard gestures at you while chanting.
The puff of flame misses you.
You barely miss the orc wizard.
The orc wizard gestures at you while chanting.
The puff of flame hits you!
You closely miss the orc wizard.
The orc wizard hits you with a +0 dagger.
The orc wizard points at you and mumbles some strange words.
The magic dart hits you!
You die...

.........####.###.##
........##.....#....
........#.......<(..
#..(...%...........
#.....%.)....#
#..##%#.).<..#
#.#.##.###
...#.##)#.##.#
.......@..##.#
...#.##o####.# # #.#
#o# #.# ... ...


.oo ### You could see an orc wizard.

Vanquished Creatures
  Terence (D:2)
  A dart slug (D:2)
  4 orcs (D:2)
  An endoplasm (D:1)
  2 giant cockroaches (D:1)
  A hobgoblin (D:2)
  4 jackals (D:1)
  2 kobolds (D:1)
  2 quokkas (D:1)
  2 ball pythons
  2 bats (D:1)
  3 frilled lizards
25 creatures vanquished.

Notes
Turn   | Place    | Note
-------+----------+-------------------------------------------
     0 | D:1      | qw the Minotaur Berserker began the quest for the Orb.
     0 | D:1      | Reached XP level 1. HP: 19/19 MP: 0/0
     0 | D:1      | 0 ||| qw: Version: 0.1-a-112-g44dc6cd
     0 | D:1      | 0 ||| qw: Game counter: 6813
     0 | D:1      | 0 ||| qw: Always use a shield: true
     0 | D:1      | 0 ||| qw: Do Orc after D:15 true
     0 | D:1      | 0 ||| qw: Do second Lair branch before Depths: true
     0 | D:1      | 0 ||| qw: Lair rune preference: random
     0 | D:1      | 0 ||| qw: Plans: Normal
     0 | D:1      | 0 ||| PLANNING D:1-11
   161 | D:1      | Reached skill level 4 in Axes
   268 | D:1      | Found a faded altar of an unknown god.
   431 | D:1      | Reached XP level 2. HP: 19/26 MP: 1/1
  1014 | D:1      | 1014 ||| Stepping ~*~*~tactically~*~*~ (stealth).
  1016 | D:1      | 1016 ||| Stepping ~*~*~tactically~*~*~ (stealth).
  1092 | D:1      | 1092 ||| UPGRADING to +0 leather armour.
  1102 | D:1      | 1102 ||| DROPPING +0 animal skin.
  1103 | D:1      | 1103 ||| UPGRADING to +0 pair of boots.
  1108 | D:1      | 1108 ||| UPGRADING to +0 pair of gloves.
  1113 | D:1      | 1113 ||| UPGRADING to amulet of the acrobat.
  1118 | D:1      | 1118 ||| READING scroll labelled HESTUM GICUEBLUECK.
  1119 | D:1      | 1119 ||| READING scroll labelled NIOFAR GUTASAN.
  1119 | D:1      | Identified a scroll of acquirement
  1119 | D:1      | 1119 ||| ACQUIRING +0 hat of the Enchanted Forest {Harm
                  | Rampage Regen+}
  1119 | D:1      | Acquired the +0 hat of the Enchanted Forest {Harm Rampage
                  | Regen+}
  1121 | D:1      | 1121 ||| READING scroll labelled PYCRUU ICRE.
  1185 | D:2      | Noticed Terence
  1191 | D:2      | 1191 ||| INVOKING Berserk.
  1196 | D:2      | Killed Terence
  1197 | D:2      | Reached skill level 5 in Axes
  1197 | D:2      | Reached XP level 3. HP: 31/31 MP: 2/2
  1224 | D:2      | HP: 7/31 [orc wizard/+0 dagger (2)]
  1224 | D:2      | Killed from afar by an orc wizard

Levels and vault maps discovered:
D:1:      roderic_crossed_star, layout_loops_ring, ebering_ecumenical_altar_rust
D:2:      layout_loops_ring, corexii_shack, st_stairs_9, uniq_terence

Skill      XL: |  1  2 |
---------------+-------+-----
Axes           | 4 5 |  5.8
Fighting       | |  3.6
Armour         | |  2.4
Dodging        | |  2.1

Action                   || total
-------------------------++-------
Melee: Hand axe          ||    57
       Headbutt          ||     6
Invok: Berserk           ||     1
  Use: Scroll            ||     3
Armor: Animal skin       ||     7
       Leather armour    ||     4
Dodge: Dodged            ||    36

Table legend:
 A = Non-vault XP
 B = Vault XP
 C = Vault XP percentage of total XP
 D = Non-vault monster count
 E = Vault monster count
 F = Vault count percentage of total count
                 A         B        C        D         E       F
            +---------+---------+-------+---------+---------+-------
      Total |      47 |      38 |  44.7 |      24 |       1 |   4.0
            +---------+---------+-------+---------+---------+-------
        D:1 |      25 |       0 |   0.0 |      15 |       0 |   0.0
        D:2 |      22 |      38 |  63.3 |       9 |       1 |  10.0
            +---------+---------+-------+---------+---------+-------
